 Dungeon Crawl Stone Soup version 0.18-a0-1799-g6250cb2 (webtiles) character file.

115770 MrRokkomies the Fighter (level 16, 0/134 HPs)
             Began as a Vampire Enchanter on Apr 21, 2016.
             Was a High Priest of Dithmenos.
             Slain by a demonic crawler (7 damage)
             ... on level 1 of the Spider Nest on Apr 23, 2016.
             The game lasted 02:44:41 (40339 turns).

MrRokkomies the Fighter (Vampire Enchanter)        Turns: 40339, Time: 02:44:42

Health: 0/134      AC: 17    Str: 15    XL:     16   Next: 19%
Magic:  32/38      EV: 16    Int: 25    God:    Dithmenos [*****.]
Gold:   990        SH:  0    Dex: 11    Spells: 10 memorised, 1 level left

rFire  . . .     SeeInvis +     a - +11 rapier of Xiugh {elec, Str+6 Dex-5 Stlth+}
rCold  + + +     Gourm    .     W - +4 ring mail of a bailey {rC+ Int+4 Dex-4}
rNeg   + + +     Faith    .     (no shield)
rPois  +         Spirit   .     B - +0 helmet
rElec  .         Dismiss  .     R - +1 cloak {MR+}
rCorr  .         Reflect  .     (no gloves)
SustAt .         Harm     .     s - +1 pair of boots
MR     ++...                    L - amulet of magic regeneration
Stlth  +++++.....               K - ring of Kuoguh {rN+ MP+9 Dex+2 Slay+4}
                                g - ring "Yshon Hun" {rC+ rN++ Int-2}

@: very slightly contaminated, regenerating slowly, wreathed by umbra, very
resistant to hostile enchantments, quite stealthy
A: fangs 3, icy blue scales 1, see invisible, agile 2, unbreathing
a: Bat Form, Shadow Step, Shadow Form, Renounce Religion


You were on level 1 of the Spider Nest.
You worshipped Dithmenos.
Dithmenos was extremely pleased with you.
You were near bloodless.

You visited 5 branches of the dungeon, and saw 28 of its levels.
You visited the Abyss 1 time.
You also visited: Labyrinth, Ossuary and Ice Cave.

You collected 2594 gold pieces.
You spent 1604 gold pieces at shops.

Inventory:

Hand Weapons
 a - the +11 rapier of Xiugh (weapon) {elec, Str+6 Dex-5 Stlth+}
   (You found it on level 8 of the Dungeon)

   Occasionally, upon striking a foe, it will discharge some electrical energy
   and cause terrible harm.
   It affects your strength (+6).
   It affects your dexterity (-5).
   It makes you more stealthy.
 b - a +0 blowgun
Missiles
 l - 40 tomahawks (quivered)
 q - 70 poisoned needles
 v - a throwing net
 A - 4 javelins
Armour
 s - a +1 pair of boots (worn)
 B - a +0 helmet (worn)
 R - a +1 cloak of magic resistance (worn)
 W - the +4 ring mail of a bailey (worn) {rC+ Int+4 Dex-4}
   (You found it in an ice cave)

   It affects your intelligence (+4).
   It affects your dexterity (-4).
   It protects you from cold.
Magical Staves
 P - an uncursed staff of air
 X - an uncursed staff of wizardry
Rods
 M - a +8 iron rod (13/13)
   (You found it in a labyrinth)
Jewellery
 g - the ring "Yshon Hun" (left hand) {rC+ rN++ Int-2}
   (You found it on level 6 of the Lair of Beasts)

   [ring of protection from cold]

   It affects your intelligence (-2).
   It protects you from cold.
   It greatly protects you from negative energy.
 p - an uncursed amulet of guardian spirit
 D - an uncursed ring of flight
 J - an uncursed ring of stealth {unknown}
 K - the ring of Kuoguh (right hand) {rN+ MP+9 Dex+2 Slay+4}
   (You took it off a minotaur in a labyrinth)

   [ring of slaying]

   It affects your dexterity (+2).
   It affects your accuracy and damage with ranged weapons and melee attacks
   (+4).
   It protects you from negative energy.
   It affects your magic capacity (+9).
 L - an amulet of magic regeneration (around neck)
 Y - an uncursed ring of ice
Wands
 n - a wand of disintegration (23/24)
 t - a wand of iceblast (5/15)
 w - a wand of enslavement (14/24)
 F - a wand of lightning (8/15)
 S - a wand of iceblast (9/15)
 U - a wand of iceblast (9/15)
 V - a wand of acid (8/15)
 Z - a wand of hasting (4/9)
Scrolls
 e - 5 scrolls of teleportation
 j - a scroll of fog
 k - 16 scrolls of remove curse
 y - a scroll of enchant armour
 C - 2 scrolls of fear
 E - a scroll of summoning
 I - 3 scrolls of enchant weapon
 O - 9 scrolls of identify
 T - 2 scrolls of recharging
Potions
 f - a potion of magic
 h - 5 potions of flight
 i - 5 potions of brilliance
 m - a potion of agility
 o - 15 potions of curing
 r - a potion of might
 x - 2 potions of ambrosia
 z - a potion of haste
 G - a potion of berserk rage
 H - a potion of resistance
Books
 c - an Akashic Record

   Spells                             Type                      Level
   a - Dispersal                      Translocation                6
   b - Malign Gateway                 Summoning/Translocation      7
   c - Disjunction                    Translocation                8
   d - Controlled Blink               Translocation                8
Miscellaneous
 u - a phantom mirror


   Skills:
 - Level 14.8 Fighting
 - Level 13.8(14.3) Short Blades
   Level 6.2(10.4) Long Blades
 - Level 6.0 Armour
 - Level 12.0 Dodging
 - Level 4.4 Stealth
 - Level 9.0 Spellcasting
 - Level 11.0 Hexes
 * Level 11.8 Summonings
 * Level 1.2 Translocations
 - Level 5.5 Ice Magic


You had one spell level left.
You knew the following spells:

 Your Spells              Type           Power        Failure   Level  Hunger
a - Invisibility          Hex            ######..     17%         6    ######.
b - Summon Mana Viper     Hex/Summ       ######..     2%          5    ####...
c - Confuse               Hex            ######..     1%          3    None
d - Tukima's Dance        Hex            ######..     1%          3    None
e - Summon Butterflies    Summ           ######..     1%          1    None
f - Dazzling Spray        Conj/Hex       #####...     3%          3    None
g - Summon Ice Beast      Ice/Summ       ######..     3%          4    ##.....
h - Summon Lightning Spi  Summ/Air       #####...     10%         4    ##.....
i - Apportation           Tloc           ###.......   10%         1    None
j - Blink                 Tloc           N/A          12%         2    None


Dungeon Overview and Level Annotations

Branches:
Dungeon (15/15)            Temple (1/1) D:6            Lair (8/8) D:9
 Shoals (0/4) Lair:6       Spider (2/4) Lair:3        Slime (0/6) Lair:8
    Orc (2/2) D:9             Elf (0/3) Orc:2        Vaults (0/5) D:13
 Depths (0/5) D:15

Altars:
Ashenzari
Cheibriados
Dithmenos
Elyvilon
Fedhas
Gozag
Kikubaaqudgha
Makhleb
Nemelex Xobeh
Okawaru
Pakellas
Qazlal
Ru
Sif Muna
Trog
Vehumet
Xom
Yredelemnul
Zin
The Shining One
Beogh

Shops:
D:6 :   D:10 (**:   D:15 }   Orc:1 :   Orc:2 %((!


Innate Abilities, Weirdness & Mutations

You heal slowly.
You have razor-sharp teeth.
You have supernaturally acute eyesight.
You can survive without breathing.
You are partially covered in icy blue scales (AC +1).
You are very agile. (Dex +4)


Message History

Your mana viper disappears in a puff of smoke!
Casting: Confuse
Confirm with . or Enter, or press ? or * to list all spells.
Aiming: Confuse
Press: ? - help, Shift-Dir - straight line, f - demonic crawler
Aim: a demonic crawler (lightly wounded, clinging, umbra, chance to defeat MR: 14%)
Okay, then.
Unknown command.
Casting: Confuse
Confirm with . or Enter, or press ? or * to list all spells.
You blink.
Casting: Blink
Confirm with . or Enter, or press ? or * to list all spells.
A chill wind blows around you. The demonic crawler closely misses you.
The demonic crawler completely misses you.
The demonic crawler hits you but does no damage.
Casting: Summon Ice Beast
Confirm with . or Enter, or press ? or * to list all spells.
You miscast Blink.
Nothing appears to happen.
The demonic crawler hits you!
You die...

# ###..#....#.....##.#..### ##.
# #^#.##....###.....##.### ##.
#####.#.#..##...#.##...##.## #..
#.##.##..#.##.#....#.#...#.###..
##......####.#...#...^#....#.#.#
#.#.##...#...^#...#............
#...#...#.##Y#....^.##.#.....#.
####..#######s#...#########.#..
#.#...#.##%#.@....# #..#..
#..#.#...#..#.#..^# ####....#
#...............### ##...##.##
#.....##..#....## #....#####
####..#.#....### ##........
##.#.....## ##.##....
#.####^#..# #####... ### #....##
#... #####.#.# #...


You could see a demonic crawler and a friendly ice beast.

Vanquished Creatures
  Rupert (Lair:7)
  Kirke (Lair:7)
  A frost giant (IceCv)
  An orc warlord (Orc:2)
  Maud (D:10)
  A vault guard (D:13)
  A minotaur (Lab)
  An ice dragon (Lair:8)
  Erolcha (D:9)
  Harold (D:10)
  2 centaur warriors
  Erica (D:9)
  An ogre mage (D:15)
  6 hydras
  Urug (D:15)
  4 orc high priests (Orc:2)
  3 death yaks (Lair:5)
  2 wizards (D:13)
  An unseen horror (shapeshifter) (D:13)
  2 unseen horrors
  6 hill giants
  2 orc knights (Orc:2)
  2 orb spiders (Spider:1)
  A mana viper (shapeshifter) (D:15)
  3 deep elf magi
  3 wolf spiders (Spider:1)
  5 orc sorcerers
  14 ugly things
  2 griffons
  A hornet (Spider:1)
  3 manticores
  A cyclops (Orc:1)
  A centaur zombie (D:15)
  Joseph (D:7)
  A naga mage (D:15)
  2 torpor snails
  Maurice (D:8)
  4 black mambas
  Psyche (D:9)
  24 spiny frogs
  A spiny frog (shapeshifter) (D:13)
  A yaktaur (D:13)
  The ghost of MrRokkomies the Skirmisher, an amateur OgHu of Okawaru (D:3)
  9 komodo dragons
  2 rime drakes (Lair:5)
  A demonic crawler (Spider:1)
  A jumping spider (Spider:1)
  A queen bee (D:11)
  4 giant leeches (Lair:8)
  19 polar bears
  7 two-headed ogres
  10 trolls
  31 blink frogs
  10 slime creatures (D:12)
  2 redbacks
  46 yaks
  5 tarantellas (Spider:1)
  4 wraiths
  5 wyverns
  8 basilisks
  A hog (Lair:7)
  2 shadows
  5 hungry ghosts
  21 humans (D:13)
  19 vampire mosquitoes
  8 hippogriffs
  An insubstantial wisp (Lair:2)
  6 wargs
  18 water moccasins
  5 porcupines
  38 orc warriors
  2 black bears
  4 sky beasts
  2 necrophages
  4 wasps
  2 eyes of draining
  3 ice beasts
  A phantom (D:9)
  19 ogres
  22 centaurs
  32 wolves
  11 crocodiles
  15 big kobolds
  32 giant frogs
  2 gnoll sergeants
  Dowan (D:5)
  A wyvern zombie (D:9)
  3 scorpions
  30 killer bees
  12 wights
  5 electric eels
  8 crimson imps
  5 hounds
  4 jellies
  2 quasits (D:9)
  Crazy Yiuf (D:7)
  26 orc priests
  3 giant frog skeletons
  5 centaur skeletons
  33 orc wizards
  6 iguanas
  10 worker ants
  41 sheep
  6 big kobold zombies (Ossuary)
  4 hound skeletons
  2 mummies
  Robin (D:7)
  20 gnolls
  11 adders
  A howler monkey skeleton (D:10)
  65 river rats
  6 shadow imps
  2 oozes
  An adder skeleton (D:4)
  An adder zombie (D:8)
  2 worms
  A dart slug (D:1)
  4 giant geckos
  134 orcs
  A spectral bat (Ossuary)
  A ball python (D:6)
  6 bats
  6 giant cockroaches
  5 gnoll zombies (Ossuary)
  14 goblins
  14 hobgoblins
  16 jackals
  31 kobolds
  4 quokkas
  4 bat simulacra (Ossuary)
  2 giant gecko zombies
  A giant newt (D:3)
  2 goblin simulacra (Ossuary)
  4 goblin zombies (Ossuary)
  2 hobgoblin zombies
  8 kobold zombies
  6 orc zombies (Ossuary)
  A quokka zombie (D:7)
  6 rats
  2 rat simulacra (Ossuary)
  5 spectral goblins (Ossuary)
  4 spectral kobolds (Ossuary)
  2 spectral rats (Ossuary)
  A plant (Lair:8)
1159 creatures vanquished.

Vanquished Creatures (collateral kills)
  An orc high priest (Orc:2)
  3 orc knights
  3 yaks (D:10)
  Duvessa (D:5)
  6 orc warriors
  2 ogres
  2 centaurs (D:10)
  A killer bee (D:7)
  5 wights
  8 orc priests (Orc:2)
  3 orc wizards (Orc:2)
  15 orcs
50 creatures vanquished.

Vanquished Creatures (others)
  An unseen horror (D:15)
  8 dancing weapons
  A human (Lair:7)
  A big kobold zombie (Ossuary)
  21 fungi
  4 plants
36 creatures vanquished.

Grand Total: 1245 creatures vanquished

Notes
Turn   | Place    | Note
--------------------------------------------------------------
     0 | D:1      | MrRokkomies the Vampire Enchanter began the quest for the Orb.
     0 | D:1      | Reached XP level 1. HP: 13/13 MP: 3/3
   445 | D:1      | Reached XP level 2. HP: 19/19 MP: 5/5
  1091 | D:2      | Learned a level 2 spell: Ensorcelled Hibernation
  1241 | D:2      | Reached XP level 3. HP: 13/24 MP: 6/6
  1251 | D:2      | Reached skill level 5 in Hexes
  2253 | D:2      | Learned a level 3 spell: Confuse
  2308 | D:3      | Reached XP level 4. HP: 29/30 MP: 1/7
  2474 | D:3      | Reached XP level 5. HP: 29/35 MP: 8/8
  2684 | D:3      | Noticed an ogre
  2700 | D:3      | Killed an ogre
  2700 | D:3      | Reached skill level 5 in Short Blades
  2764 | D:3      | Noticed MrRokkomies's ghost (amateur OgHu)
  2799 | D:3      | Killed MrRokkomies's ghost
  2799 | D:3      | Reached XP level 6. HP: 14/41 MP: 7/9
  2799 | D:3      | Reached XP level 7. HP: 16/46 MP: 7/10
  2986 | D:3      | Learned a level 3 spell: Tukima's Dance
  3775 | D:4      | Found a sand-covered staircase.
  3831 | Ossuary  | Entered an ossuary
  6945 | D:5      | Entered Level 5 of the Dungeon
  6959 | D:5      | Noticed Duvessa
  6959 | D:5      | Noticed Dowan
  6974 | D:5      | Killed Duvessa
  6989 | D:5      | Killed Dowan
  7108 | D:5      | Reached XP level 8. HP: 50/52 MP: 8/11
  7113 | D:5      | Found an opulent altar of Gozag.
  7200 | D:5      | Found a snail-covered altar of Cheibriados.
  7200 | D:5      | Found a sparkling altar of Nemelex Xobeh.
  7201 | D:5      | Found a shattered altar of Ashenzari.
  7605 | D:5      | Found a bloodstained altar of Trog.
  8015 | D:5      | Reached skill level 1 in Armour
  8015 | D:5      | Reached skill level 5 in Dodging
  8328 | D:6      | Found an oddly glowing altar of Pakellas.
  8376 | D:6      | Learned a level 1 spell: Summon Butterflies
  8510 | D:6      | Found a staircase to the Ecumenical Temple.
  8520 | D:6      | Got a polished war axe
  8523 | Temple   | Entered the Ecumenical Temple
  8524 | Temple   | Identified the +0 war axe "Impbane" {freeze, Stlth+} (You found it on level 6 of the Dungeon)
  9074 | D:6      | You fall through a shaft for 2 floors!
  9074 | D:8      | Noticed Maurice
  9092 | D:7      | Reached skill level 1 in Long Blades
  9211 | D:6      | Reached XP level 9. HP: 56/57 MP: 12/12
  9575 | D:6      | Found Nuttouha's Book Shop.
  9695 | D:7      | Noticed Crazy Yiuf
  9710 | D:7      | Killed Crazy Yiuf
  9915 | D:7      | Found a deep blue altar of Sif Muna.
  9922 | D:7      | Found an ancient bone altar of Kikubaaqudgha.
  9944 | D:7      | Identified Kikubaaqudgha's Compendium of Evil
  9951 | D:7      | Found a radiant altar of Vehumet.
 10335 | D:7      | Noticed Joseph
 10381 | D:7      | Killed Joseph
 10381 | D:7      | Reached skill level 5 in Armour
 10564 | D:7      | Noticed Robin
 10564 | D:7      | Reached skill level 5 in Long Blades
 10575 | D:7      | Killed Robin
 10903 | D:8      | Found a stormy altar of Qazlal.
 10941 | D:8      | Killed Maurice
 10941 | D:8      | Reached XP level 10. HP: 63/63 MP: 12/13
 11024 | D:8      | Got a polished rapier
 11025 | D:8      | Identified the +11 rapier of Xiugh {elec, Str+6 Dex-5 Stlth+} (You found it on level 8 of the Dungeon)
 11078 | D:8      | Reached skill level 1 in Fighting
 11128 | D:8      | Found a glowing golden altar of the Shining One.
 11128 | D:8      | Found a white marble altar of Elyvilon.
 11130 | D:8      | Found a glowing silver altar of Zin.
 11589 | D:8      | Reached skill level 2 in Fighting
 12146 | D:8      | Reached skill level 3 in Fighting
 12156 | D:8      | Noticed a two-headed hydra
 12187 | D:8      | Killed a two-headed hydra
 12187 | D:8      | Reached skill level 4 in Fighting
 12285 | D:8      | Reached skill level 10 in Short Blades
 12314 | D:8      | Found a bloodstained altar of Trog.
 12334 | D:8      | Learned a level 3 spell: Call Canine Familiar
 12458 | Temple   | Became a worshipper of Dithmenos the Shadowed
 12790 | D:8      | Reached skill level 5 in Fighting
 12804 | D:8      | Reached * piety under Dithmenos
 13146 | D:9      | Found a staircase to the Lair.
 13149 | D:9      | Noticed Erolcha
 13256 | D:9      | Noticed Psyche
 13268 | D:9      | Killed Psyche
 13309 | D:9      | Found a staircase to the Orcish Mines.
 13337 | D:9      | Reached XP level 11. HP: 56/81 MP: 14/14
 13763 | D:9      | Reached skill level 6 in Fighting
 13764 | D:9      | Noticed Erica
 13966 | D:9      | Reached ** piety under Dithmenos
 13975 | D:9      | Killed Erica
 14188 | D:9      | Cast into level 1 of the Abyss (Erolcha)
 14212 | D:9      | Escaped the Abyss
 14222 | D:9      | Killed Erolcha
 14222 | D:9      | Reached skill level 7 in Fighting
 14363 | D:9      | Found a burning altar of Makhleb.
 14527 | Lair:1   | Entered Level 1 of the Lair of Beasts
 15603 | Lair:2   | Reached skill level 8 in Fighting
 15610 | Lair:2   | Reached *** piety under Dithmenos
 16100 | Lair:2   | Gained mutation: You are agile. (Dex +2) [potion of mutation]
 16100 | Lair:2   | Gained mutation: You are very agile. (Dex +4) [potion of mutation]
 16100 | Lair:2   | Gained mutation: You are partially covered in icy blue scales (AC +1). [potion of mutation]
 16253 | Lair:2   | Reached XP level 12. HP: 94/94 MP: 15/15
 16633 | Lair:3   | Learned a level 3 spell: Dazzling Spray
 16726 | Lair:3   | Reached skill level 9 in Fighting
 16814 | Lair:3   | Reached **** piety under Dithmenos
 17275 | Lair:3   | Found a hole to the Spider Nest.
 18370 | Lair:4   | Reached skill level 10 in Fighting
 18476 | Lair:4   | Found a basalt altar of Yredelemnul.
 19693 | Lair:5   | Reached skill level 1 in Summonings
 20107 | Lair:5   | Reached ***** piety under Dithmenos
 20181 | Lair:5   | Noticed a four-headed hydra
 20193 | Lair:5   | Killed a four-headed hydra
 20193 | Lair:5   | Reached skill level 5 in Spellcasting
 20831 | Lair:5   | Noticed a death yak
 20832 | Lair:5   | Noticed a death yak
 20846 | Lair:5   | Noticed a death yak
 20851 | Lair:5   | Killed a death yak
 20851 | Lair:5   | Reached XP level 13. HP: 63/104 MP: 20/20
 21401 | Lair:6   | Found a staircase to the Shoals.
 21408 | Lair:6   | Reached skill level 5 in Summonings
 21534 | Lair:6   | Reached skill level 10 in Hexes
 21541 | Lair:6   | HP: 4/104 [blink frog (3)]
 21729 | Lair:6   | Reached skill level 1 in Ice Magic
 22822 | Lair:6   | Learned a level 4 spell: Summon Ice Beast
 22866 | Lair:6   | Got a heavily runed jade ring
 22867 | Lair:6   | Identified the ring "Yshon Hun" {rC+ rN++ Int-2} (You found it on level 6 of the Lair of Beasts)
 23140 | Lair:7   | Noticed Rupert
 23149 | Lair:7   | Killed Rupert
 23310 | Lair:7   | Reached skill level 5 in Ice Magic
 23679 | Lair:7   | Noticed Kirke
 23687 | Lair:7   | Noticed a sphinx
 23701 | Lair:7   | Killed Kirke
 24157 | Lair:8   | Entered Level 8 of the Lair of Beasts
 24189 | Lair:8   | Found a frozen archway.
 24221 | IceCv    | Entered an ice cave
 24404 | IceCv    | Got a scorched ring mail
 24419 | IceCv    | Identified the +4 ring mail of a bailey {rC+ Int+4 Dex-4} (You found it in an ice cave)
 24746 | IceCv    | Reached XP level 14. HP: 95/111 MP: 21/21
 24761 | IceCv    | Learned a level 4 spell: Summon Lightning Spire
 24969 | IceCv    | Noticed a frost giant
 25042 | IceCv    | Killed a frost giant
 25492 | Lair:8   | Reached ****** piety under Dithmenos
 25666 | Lair:8   | Reached skill level 10 in Summonings
 25682 | Lair:8   | HP: 4/111 [wolf (4)]
 26480 | Lair:8   | Found a staircase to the Slime Pits.
 27209 | Lair:8   | Reached skill level 10 in Dodging
 27222 | Lair:8   | Got a translucent hand crossbow
 27223 | Lair:8   | Identified the +3 hand crossbow of Waziph {flame, Dex+3} (You found it on level 8 of the Lair of Beasts)
 27818 | D:6      | Bought a manual of Fighting for 1104 gold pieces
 27909 | Orc:1    | Entered Level 1 of the Orcish Mines
 27981 | Orc:1    | Found Juysiodd's Book Emporium.
 28319 | Orc:2    | Entered Level 2 of the Orcish Mines
 28730 | Orc:2    | Found a roughly hewn altar of Beogh.
 28777 | Orc:2    | Found Xeiseih's Distillery.
 28799 | Orc:2    | Found Tezxam's Weapon Shop.
 30057 | Orc:2    | Noticed an orc warlord
 30550 | Orc:2    | Killed an orc warlord
 30945 | Orc:2    | Reached skill level 11 in Fighting
 31135 | Orc:2    | Found a roughly hewn altar of Beogh.
 31163 | Orc:2    | Found Imuosibbua's Food Shop.
 31629 | Orc:2    | Found a staircase to the Elven Halls.
 32637 | Orc:2    | Found Zaifut's Weapon Shoppe.
 32665 | Orc:2    | Reached XP level 15. HP: 119/119 MP: 22/22
 32735 | Orc:2    | Upgraded the game from 0.18-a0-1788-g92de1ac to 0.18-a0-1794-g139b600
 33010 | D:6      | Bought a book of Party Tricks for 500 gold pieces
 33110 | D:9      | Learned a level 6 spell: Invisibility
 33145 | D:10     | Entered Level 10 of the Dungeon
 33232 | D:10     | Found Peasoschu's Weapon Shoppe.
 33260 | D:10     | Found Cezatai's General Store.
 33310 | D:10     | Upgraded the game from 0.18-a0-1794-g139b600 to 0.18-a0-1799-g6250cb2
 33402 | D:10     | Found Vygakas's Book Emporium.
 33429 | D:10     | Found Qoanank's General Store.
 33465 | D:10     | Noticed Maud
 33471 | D:10     | Killed Maud
 33656 | D:10     | Noticed Harold
 33669 | D:10     | Killed Harold
 34716 | D:11     | Got a heavily runed buckler
 34722 | D:11     | Identified the cursed -3 buckler of the Ban {rC+} (You found it on level 11 of the Dungeon)
 35205 | D:12     | Reached skill level 12 in Fighting
 35841 | D:12     | Found an oddly glowing altar of Pakellas.
 36333 | D:13     | Found a gate to the Vaults.
 36383 | D:13     | Reached skill level 13 in Fighting
 37387 | D:14     | Found a labyrinth entrance.
 37489 | Lab      | Entered a labyrinth
 37925 | Lab      | Got a flickering granite ring
 37934 | Lab      | Identified the ring of Kuoguh {rN+ MP+9 Dex+2 Slay+4} (You took it off a minotaur in a labyrinth)
 37947 | Lab      | Identified a +3 rod of ignition (10/10) (You found it in a labyrinth)
 38214 | D:14     | Reached skill level 14 in Fighting
 38566 | D:15     | Entered Level 15 of the Dungeon
 38663 | D:15     | Noticed Urug
 38670 | D:15     | Killed Urug
 39192 | D:15     | Found a staircase to the Depths.
 39201 | D:15     | Reached XP level 16. HP: 132/134 MP: 28/28
 39255 | D:15     | Found Idehes's Quality Used Wands.
 39621 | D:9      | Learned a level 5 spell: Summon Mana Viper
 39623 | D:9      | Learned a level 1 spell: Apportation
 39626 | D:9      | Learned a level 2 spell: Blink
 39722 | Spider:1 | Entered Level 1 of the Spider Nest
 40277 | Spider:1 | Reached skill level 1 in Translocations
 40312 | Spider:1 | HP: 3/134 [redback (7)]
 40339 | Spider:1 | Slain by a demonic crawler

Vault maps used:
D:1:      sevenhm_arrival_forest_fort_large_4
D:2:      minivault_27
D:3:      first_bread, fountainhead
D:4:      nicolae_ossuary_entry_giza, uniq_robin
D:5:      gammafunk_temple_overflow_claw, kennysheep_mini, trog_hazing_becter,
          uniq_duvessa
D:6:      minmay_temple_entry_steel_oval, serial_shops, kennysheep_mini_moat,
          grunt_pakellas_mercury
D:7:      palyth_temple_overflow_mages, uniq_joseph, uniq_crazy_yiuf_cottage
D:8:      good_gods_temple_1, lightli_temple_of_fire, basic_altar, special_room,
          hangedman_ranch, uniq_maurice
D:9:      makhleb_blood_cavern_becter, erik_lair_orcish_takeover, orc_0_dummy,
          uniq_erolcha, uniq_erica, uniq_psyche
D:10:     minmay_goldmine, special_room, serial_shops, nicolae_shop_stone,
          shop_statue, shop, shop, uniq_harold, uniq_maud
D:12:     basic_altar, spider_trap
D:13:     grunt_vaults_entry_tiered, st_stairs_13
D:14:     lab_entry_generic
D:15:     grunt_enter_depths_magical_seal, hangedman_abyss_or_decor_passed,
          nicolae_for_you_no_charge, uniq_urug
Temple:   minmay_temple_bridge_a_8
Lair:1:   infiniplex_staircase_pool_2
Lair:2:   st_stairs_12, pond, lemuel_fruit_tree
Lair:3:   spider_nest_entry_webs, serial_bayou_pond_b, serial_bayou_shore_b,
          grunt_megastairs_5
Lair:4:   basic_altar, kennysheep_basilisk_garden, grunt_megastairs_3,
          lemuel_fruit_fields, bh_autumn_forest_stairs, serial_bayou_shore_a
Lair:5:   grunt_megastairs_2
Lair:6:   minmay_shoals_entry_centaurs
Lair:7:   uniq_rupert, uniq_kirke
Lair:8:   minmay_lair_end_frog_pond, slime_dummy, portal_ice_cave_entry_dragon,
          grunt_forest_small_clearings
Spider:2: spider_temple_joshua
Orc:1:    serial_shops, shop
Orc:2:    pubby_orc_utopia
Lab:      labyrinth_mini_lab, nicolae_lab_checkerboard
Ossuary:  ossuary_zaba_two_paths
IceCv:    ice_cave_caverns_03

Skill      XL: |  1  2  3  4  5  6  7  8  9 10 11 12 13 14 15 16 |
---------------+-------------------------------------------------+-----
Short Blades   | 2 3 4 6 8 11 13 | 13.8
Hexes          | 5 6 7 8 9 10 11 | 11.0
Dodging        | 3 6 7 11 12 | 12.0
Armour         | 3 6 |  6.0
Long Blades    | 2 6 |  6.2
Fighting       | 5 8 10 11 14 | 14.8
Spellcasting   | 5 8 9 |  9.0
Summonings     | 4 9 11 | 11.8
Ice Magic      | 5 |  5.5
Translocations | 1 |  1.2
Stealth        | |  4.4

Action                   |  1- 3 |  4- 6 |  7- 9 | 10-12 | 13-15 | 16-18 || total
-------------------------+-------+-------+-------+-------+-------+-------++-------
Melee: Dagger            |    35 |    26 |   478 |    17 |       |       ||   556
       Bite              |     7 |     5 |    73 |    63 |   161 |     7 ||   316
       Spear             |   109 |    36 |   228 |       |       |       ||   373
       Long sword        |       |       |   101 |       |       |       ||   101
       Rapier            |       |       |       |   801 |  1895 |   114 ||  2810
 Fire: Blowgun           |       |       |       |       |     8 |       ||     8
Throw: Tomahawk          |       |       |       |       |     1 |       ||     1
 Cast: Ensorcelled Hiber |     2 |     3 |    53 |    18 |    19 |       ||    95
       Confuse           |     2 |     2 |    20 |    26 |    30 |     1 ||    81
       Tukima's Dance    |       |       |     9 |    14 |    41 |       ||    64
       Call Canine Famil |       |       |       |     2 |     1 |       ||     3
       Summon Ice Beast  |       |       |       |       |    26 |     1 ||    27
       Summon Butterflie |       |       |       |       |     2 |       ||     2
       Summon Lightning  |       |       |       |       |     9 |       ||     9
       Invisibility      |       |       |       |       |     2 |     1 ||     3
       Blink             |       |       |       |       |       |     2 ||     2
       Summon Mana Viper |       |       |       |       |       |     1 ||     1
Invok: Shadow Step       |       |       |       |       |     1 |       ||     1
Evoke: Wand              |       |       |       |       |     1 |       ||     1
  Use: Scroll            |     6 |       |    14 |    11 |    27 |     2 ||    60
       Potion            |     1 |       |     1 |     1 |    12 |     3 ||    18
 Stab: Sleeping          |    14 |     3 |    34 |    38 |    69 |     4 ||   162
       Distracted        |     1 |       |     1 |     1 |     9 |       ||    12
       Confused          |     1 |     6 |    13 |     8 |    11 |       ||    39
       Invisible         |       |       |       |       |     9 |     2 ||    11
  Eat: Corpse            |       |     2 |    14 |    19 |    28 |       ||    63
Armor: Robe              |    21 |    19 |    64 |       |       |       ||   104
       Ring mail         |       |       |   109 |   212 |   445 |    30 ||   796
Dodge: Dodged            |    65 |    24 |   430 |   424 |   962 |    88 ||  1993
